Map: Jagannatha LE

Players

Hurricane - Winner!

  • Race: Protoss Protoss
  • Spawn Location: 7:00

ByuN

  • Race: Terran Terran
  • Spawn Location: 1:00

Event: IEM Katowice 2021

VOD

Have the link to the VOD?

Description

Time

  • Played on: Feb. 21, 2021, 8:34 a.m.
  • Length: 14:18

All games in this series

Show
View Real Time Build Order
Export as new Build Order

Hurricane Protoss - Winner!

Build Orders: 1 Gate Expand, Oracle Opening, Phoenix Opening 

Get SALT Encoding   

  12  0:00  Probe  
  13  0:12  Probe  
  14  0:17  Pylon  
  14  0:24  Probe (Chrono Boost)  
  15  0:35  Gateway  
  15  0:36  Probe (Chrono Boost)  
  16  0:43  Probe (Chrono Boost)  
  16  0:45  Assimilator  
  17  0:51  Probe  
  18  1:03  Probe  
  19  1:15  Probe  
  20  1:22  Cybernetics Core  
  20  1:31  Nexus  
  20  1:34  Probe  
  21  1:40  Pylon  
  21  1:47  Assimilator  
  21  1:50  Probe  
  22  1:55  Adept (Chrono Boost)  
  24  2:05  Shield Battery, Probe  
  25  2:09  Warp Gate  
  25  2:17  Pylon  
  25  2:20  Adept (Chrono Boost)  
  25  2:26  Probe  
  28  2:38  Probe  
  28  2:42  Stargate  
  29  2:45  Probe  
  30  2:53  Probe  
  30  2:57  Probe  
  32  2:59  Adept  
  34  3:09  Probe x2 (Chrono Boost)  
  36  3:19  Probe (Chrono Boost)  
  38  3:21  Probe (Chrono Boost)  
  38  3:24  Oracle (Chrono Boost), Probe (Chrono Boost)  
  40  3:30  Probe  
  41  3:36  Probe  
  42  3:42  Probe  
  42  3:48  Probe  
  44  3:53  Nexus  
  44  3:54  Probe  
  44  3:55  Phoenix (Chrono Boost)  
  48  3:58  Stalker  
  48  4:00  Probe  
  50  4:10  Probe  
  50  4:12  Probe  
  50  4:15  Phoenix (Chrono Boost)  
  54  4:23  Stalker, Probe  
  54  4:25  Assimilator  
  54  4:26  Pylon  
  54  4:28  Robotics Facility  
  51  4:38  Probe x2  
  51  4:40  Phoenix (Chrono Boost)  
  51  4:43  Assimilator  
  54  4:47  Gateway  
  54  4:50  Probe x2  
  54  4:51  Gateway  
  56  5:02  Probe  
  56  5:06  Probe x2  
  59  5:14  Probe  
  59  5:16  Observer (Chrono Boost)  
  59  5:19  Sentry, Probe  
  62  5:23  Robotics Bay  
  62  5:24  Forge  
  62  5:25  Pylon, Probe  
  62  5:26  Pylon x2  
  63  5:34  Immortal (Chrono Boost), Shield Battery  
  63  5:35  Probe x2  
  69  5:43  Stalker  
  69  5:44  Stalker  
  69  5:47  Zealot  
  69  5:49  Probe x2  
  77  5:50  Probe  
  78  6:01  Probe  
  78  6:03  Immortal (Chrono Boost)  
  79  6:07  Stalker  
  85  6:11  Zealot  
  85  6:12  Zealot  
  84  6:22  Probe (Chrono Boost)  
  84  6:23  Probe x2 (Chrono Boost)  
  76  6:33  Probe x2 (Chrono Boost)  
  76  6:34  Probe (Chrono Boost)  
  76  6:35  Colossus (Chrono Boost)  
  76  6:38  Probe x3 (Chrono Boost)  
  83  6:46  Protoss Ground Weapons Level 1, Extended Thermal Lance  
  85  6:48  Twilight Council  
  85  6:49  Probe  
  85  6:52  Probe  
  87  6:56  Probe  
  84  7:11  Probe  
  84  7:13  Probe x2  
  85  7:21  Gateway  
  85  7:22  Colossus (Chrono Boost), Gateway  
  85  7:23  Gateway  
  85  7:25  Gateway  
  85  7:26  Blink (Chrono Boost)  
  85  7:29  Pylon  
  91  7:30  Robotics Facility, Gateway  
  91  7:33  Pylon  
  91  7:38  Shield Battery  
  91  7:40  Photon Cannon  
  91  7:44  Sentry, Photon Cannon  
  91  7:47  Probe x3  
  96  7:52  Assimilator x2, Sentry  
  96  7:54  Stalker  
  100  8:03  Probe x2  
  100  8:04  Pylon  
  103  8:05  Probe  
  103  8:09  Observer  
  104  8:15  Stalker x2  
  104  8:17  Pylon  
  104  8:19  Observer  
  109  8:31  Observer  
  109  8:33  Zealot x3  
  116  8:36  Pylon  
  116  8:38  Pylon  
  116  8:40  Zealot x3  
  122  8:42  Stalker  
  122  8:50  Stalker  
  115  8:57  Stalker x2  
  115  9:00  Stalker  
  115  9:01  Stalker x2  
  125  9:03  Colossus  
  125  9:08  Pylon  
  129  9:25  Colossus (Chrono Boost), Stalker x2  
  139  9:34  Charge (Chrono Boost)  
  139  9:36  Forge  
  139  9:37  Pylon  
  139  9:38  Protoss Ground Weapons Level 2 (Chrono Boost)  
  139  9:40  Templar Archives  
  139  9:43  Zealot  
  141  9:46  Pylon, Nexus  
  141  9:58  Probe x3  
  143  10:06  Pylon  
  147  10:07  Colossus (Chrono Boost), Stalker x2  
  147  10:09  Zealot  
  147  10:12  Pylon  
  147  10:13  Stalker  
  155  10:19  Stalker  
  157  10:22  Pylon  
  157  10:23  Observer  
  157  10:25  Pylon  
  155  10:28  High Templar x2  
  155  10:29  Zealot  
  155  10:34  Archon  
  161  10:35  Protoss Ground Armor Level 1 (Chrono Boost)  
  161  10:37  Probe  
  161  10:38  Pylon  
  162  10:45  Stalker x2  
  162  10:49  Zealot x4  
  174  10:56  Observer (Chrono Boost)  
  173  10:57  Observer (Chrono Boost)  
  173  10:58  Probe x2  
  176  11:08  Probe x2  
  176  11:10  Disruptor (Chrono Boost)  
  178  11:15  Zealot x4  
  188  11:20  Disruptor  
  188  11:21  Probe  
  188  11:25  Dark Shrine  
  190  11:43  Zealot x3, Disruptor  
  179  12:12  Stalker x5  
  179  12:13  Stalker x3  
  195  12:24  Disruptor  
  198  12:38  Zealot  
  198  12:41  Nexus  
  198  12:42  Gateway  
  198  12:44  Gateway  
  200  12:47  Gateway  
  196  12:52  Gateway  
  196  12:55  Disruptor  
  193  13:02  Pylon  
  193  13:04  Zealot x3  
  193  13:05  Zealot  
  199  13:10  Zealot  
  199  13:11  Zealot x3  
  180  13:35  Disruptor x2  
  180  13:36  Stalker x3  
  180  13:37  Stalker x4  
  200  13:49  Photon Cannon  
  200  13:51  Assimilator  
  200  13:53  Shield Battery  
  200  13:55  Photon Cannon  
  200  13:58  Pylon, Assimilator  
  144  14:12  Stalker x10  
  144  14:13  Stalker x2  
Show
View Real Time Build Order
Export as new Build Order

ByuN Terran 

Build Orders: Reaper Expand 

Get SALT Encoding   

  12  0:00  SCV  
  13  0:12  SCV  
  14  0:17  Supply Depot  
  14  0:24  SCV  
  15  0:39  SCV  
  15  0:40  Barracks  
  16  0:43  Refinery  
  16  0:51  SCV  
  17  1:03  SCV  
  18  1:15  SCV  
  19  1:26  Reaper  
  19  1:27  Orbital Command  
  20  1:47  Command Center  
  20  1:53  SCV  
  21  1:56  Supply Depot  
  21  1:58  Marine  
  22  2:05  SCV  
  23  2:09  Factory  
  23  2:14  Refinery  
  23  2:18  Marine  
  23  2:19  SCV  
  25  2:31  SCV  
  26  2:37  Bunker  
  26  2:40  Barracks Reactor  
  26  2:43  SCV  
  27  2:54  Hellion  
  27  2:55  SCV  
  27  3:00  Starport  
  27  3:01  Orbital Command  
  26  3:07  SCV  
  27  3:17  Widow Mine  
  27  3:19  Marine  
  29  3:20  Marine  
  29  3:21  SCV  
  32  3:33  SCV x2  
  34  3:37  Marine x2  
  34  3:40  Widow Mine, Supply Depot  
  38  3:45  Medivac  
  40  3:49  SCV x2  
  42  3:58  Marine x2  
  42  3:59  Supply Depot  
  44  4:03  Factory Tech Lab  
  44  4:04  SCV x2  
  46  4:16  SCV x2  
  46  4:18  Viking  
  47  4:27  Cyclone  
  47  4:28  SCV x2  
  50  4:40  SCV, Marine x2  
  50  4:41  SCV  
  50  4:45  Supply Depot  
  54  4:50  Viking  
  56  4:52  SCV  
  56  4:53  SCV  
  56  4:58  Marine x2  
  60  5:05  SCV x2  
  62  5:07  Cyclone  
  62  5:08  Supply Depot  
  64  5:17  SCV x2  
  64  5:19  Marine x2  
  68  5:22  Viking  
  68  5:26  Barracks  
  70  5:29  SCV x2, Barracks  
  70  5:34  Supply Depot  
  72  5:36  Engineering Bay  
  72  5:41  SCV x2, Marine x2  
  76  5:48  Refinery  
  76  5:53  Factory Reactor  
  76  5:58  SCV x2  
  76  5:59  Marine x2  
  76  6:02  Starport Reactor  
  76  6:03  Terran Infantry Weapons Level 1  
  80  6:17  Marine  
  76  6:20  Barracks Tech Lab  
  76  6:22  SCV x2  
  72  6:29  Supply Depot  
  72  6:30  Stimpack, Marine, Marauder  
  72  6:31  Widow Mine x2  
  79  6:35  Marine  
  79  6:37  Command Center  
  76  6:43  Combat Shield  
  76  6:45  SCV x2  
  78  6:47  Marauder  
  78  6:48  Marine, Refinery  
  78  6:52  Marauder, Marine  
  82  6:55  Widow Mine  
  82  6:56  Widow Mine  
  86  7:03  SCV x2  
  79  7:10  Marine x2  
  79  7:11  Marauder  
  79  7:13  Marauder  
  84  7:17  Medivac, SCV x2  
  84  7:21  Medivac, Barracks  
  90  7:24  Barracks  
  90  7:27  Supply Depot  
  90  7:29  SCV x2  
  91  7:31  Widow Mine, Marine  
  91  7:35  Command Center  
  91  7:36  Widow Mine, Marine  
  97  7:42  Marauder x2  
  101  7:49  Medivac, Marine  
  104  7:51  Medivac  
  104  7:54  Marine  
  104  7:55  SCV x2  
  109  8:04  Terran Infantry Armor Level 1  
  109  8:07  Marine  
  109  8:09  Barracks Reactor  
  109  8:10  Supply Depot  
  109  8:11  Marauder x2, Marine  
  109  8:12  Barracks Tech Lab  
  115  8:15  SCV x2  
  117  8:27  SCV  
  117  8:31  Medivac, SCV  
  125  8:34  Marauder x2, Marine  
  126  8:43  SCV  
  126  8:44  Supply Depot x2  
  126  8:45  Marine  
  126  8:46  SCV  
  124  8:51  Orbital Command  
  124  8:54  Marauder  
  124  8:55  SCV, Marine x2, Marauder  
  129  8:58  SCV  
  130  9:03  Armory  
  130  9:05  Engineering Bay  
  130  9:11  Marauder  
  130  9:14  Marine x4  
  130  9:16  Marauder  
  138  9:19  SCV x3  
  138  9:21  Marauder  
  145  9:24  Widow Mine x2  
  145  9:32  Refinery x2  
  145  9:36  Marauder  
  145  9:37  Marauder  
  149  9:40  Marine x3  
  149  9:41  Marine  
  149  9:44  Concussive Shells, Ghost Academy  
  153  9:49  SCV x3  
  153  9:51  Missile Turret x2  
  156  9:54  Supply Depot  
  156  9:59  Terran Infantry Armor Level 2  
  156  10:01  Terran Infantry Weapons Level 2  
  156  10:15  Medivac x2  
  156  10:19  Enhanced Shockwaves  
  160  10:24  Supply Depot  
  160  10:26  Supply Depot  
  160  10:27  Command Center  
  160  10:31  Ghost  
  160  10:32  Ghost  
  164  10:39  Supply Depot  
  164  10:41  Ghost  
  165  10:57  Marine x4  
  162  10:58  Widow Mine x2  
  162  10:59  Ghost  
  168  11:11  Ghost x2  
  168  11:14  Marine  
  168  11:15  Marine x3  
  173  11:23  SCV  
  173  11:24  SCV  
  172  11:28  Ghost  
  172  11:29  SCV  
  172  11:32  Marine x2  
  170  11:33  Marine x2  
  170  11:35  SCV  
  171  11:41  Marauder x2  
  171  11:45  Planetary Fortress  
  175  11:48  Missile Turret  
  158  11:56  Marine  
  158  11:57  Marauder, Marine x3  
  154  12:02  Marauder x2  
  154  12:04  Viking  
  154  12:05  Viking  
  156  12:14  Marine x2  
  156  12:15  Marine x2  
  148  12:18  Starport  
  148  12:19  Marauder  
  150  12:23  Marauder  
  150  12:24  Marauder  
  150  12:28  Sensor Tower  
  154  12:32  Marine x4  
  158  12:40  Marauder  
  153  12:45  Marauder x2  
  143  12:59  Marine x4  
  143  13:01  Marauder  
  143  13:02  Medivac x2  
  153  13:06  Marauder x2  
  151  13:17  Marine x4  
  147  13:23  Marauder  
  139  13:28  Marauder x2  
  136  13:35  Marine x2  
  136  13:36  Medivac x2, Marine x2  
  142  13:42  Orbital Command  
  142  13:44  Marauder, SCV  
  145  13:49  Marauder x2  
  149  13:56  SCV  

Tags
 
Add a new tag
Caveats
  • Supply blocks, unpowered buildings, or Contaminate may cause inaccurate times.
  • Supply counts are checked every 10 seconds.